 Dungeon Crawl Stone Soup version 0.24.0-13-gcf9b319 (webtiles) character file.

Game seed: 16299853104168789676, levelgen mode: deterministic

95 Fortress the Vexing (level 4, -6/41 HPs)
             Began as an Ogre Arcane Marksman on Jan 13, 2020.
             Engulfed by a cloud of flame (17 damage)
             ... on level 2 of the Dungeon.
             The game lasted 00:09:51 (706 turns).

Fortress the Vexing (Ogre Arcane Marksman)           Turns: 706, Time: 00:09:52

Health: -6/41      AC:  3    Str: 15    XL:     4   Next: 66%
Magic:  3/15       EV: 15    Int: 14    God:
Gold:   30         SH:  0    Dex: 14    Spells: 5/6 levels left

rFire    . . .     SeeInvis .   b - +0 spear
rCold    . . .     Gourm    .   (no shield)
rNeg     . . .     Faith    .   a - +0 robe
rPois    .         Spirit   .   (helmet restricted)
rElec    .         Reflect  .   (no cloak)
rCorr    .         Harm     .   (gloves unavailable)
MR       .....                  (boots unavailable)
Stlth    ++........             (no amulet)
HPRegen  0.13/turn              h - ring of magical power
MPRegen  0.14/turn              (no ring)

@: agile, very slightly contaminated
A: large, unfitting armour, tough skin 1
a: no special abilities


You were on level 2 of the Dungeon.
You were not hungry.

You visited 1 branch of the dungeon, and saw 2 of its levels.

You collected 30 gold pieces.

Inventory:

Hand Weapons
 b - a +0 spear (weapon)
Armour
 a - a +0 robe (worn)
Jewellery
 h - a ring of magical power (left hand)
Scrolls
 i - 2 scrolls of identify
 j - a scroll of teleportation {unknown}
 k - a scroll of immolation
 m - a scroll of enchant weapon {unknown}
 o - a scroll of fear {unknown}
Potions
 e - a potion of degeneration {unknown}
 g - a potion of agility
 l - a potion of invisibility {unknown}
 n - 3 potions of ambrosia
Comestibles
 f - a ration


   Skills:
 + Level 1.4 Fighting
 - Level 0.3 Polearms
 + Level 3.3 Throwing
 - Level 2.0 Dodging
 + Level 1.6 Spellcasting
 + Level 3.6 Hexes


You had 5 spell levels left.
You knew the following spells:

 Your Spells              Type           Power        Failure   Level  Hunger
a - Corona                Hex            ##.....      5%          1    ##.....

Your spell library contained the following spells:

 Spells                   Type           Power        Failure   Level  Hunger
 Slow                     Hex            ##......     9%          2    ###....
 Inner Flame              Hex/Fire       #.......     34%         3    ####...
 Portal Projectile        Hex/Tloc       #.....       34%         3    ####...
 Cause Fear               Hex            ##........   47%         4    #####..
 Leda's Liquefaction      Hex/Erth       #.........   75%         4    #####..


Dungeon Overview and Level Annotations

Branches:
Dungeon (2/15)

Altars:


Innate Abilities, Weirdness & Mutations

You are too large for most types of armour.
You have tough skin. (AC +1)


Message History

The adder closely misses you.
You closely miss the adder.
The adder is severely wounded.
The adder bites you but does no damage.
You closely miss the adder.
The adder is severely wounded.
The adder closely misses you. x2
You hit the adder.
The adder explodes!
The fiery explosion engulfs the orc!!
The orc explodes!
The fiery explosion engulfs the orc!!!
The orc explodes!
The fiery explosion engulfs something!!
Reactivating autopickup.
Your Throwing skill increases to level 3!
You feel a bit more experienced. The fiery explosion engulfs you!
* * * LOW HITPOINT WARNING * * *
You are engulfed in blazing flames.
You die...

. #. #.#. ####
.#. ##..# ## ..#
#####...## #..
#..
#.....#.>##..#
#§.
####.######....#
#.##§§##..†.#
#..###
#...§§§@.####
##.####
####§§####
#.#... (%.§.
#.#... ..##(..
#######.....
.%...
.(..........
##..#.
#######....)
#.### ##..... ..
#...... ##.#..##


There were no monsters in sight!

Vanquished Creatures
  An orc priest (D:2)
  An orc wizard (D:2)
  An adder (D:2)
  A worm (D:2)
  2 orcs (D:2)
  6 bats
  A giant cockroach (D:2)
  3 goblins
  4 hobgoblins (D:1)
  3 kobolds
  A quokka (D:2)
  2 ball pythons (D:1)
  2 rats
28 creatures vanquished.

Notes
Turn   | Place    | Note
-------+----------+-------------------------------------------
     0 | D:1      | Fortress the Ogre Arcane Marksman began the quest for the
                  | Orb.
     0 | D:1      | Reached XP level 1. HP: 19/19 MP: 2/2
   269 | D:1      | Reached XP level 2. HP: 27/27 MP: 4/4
   618 | D:2      | Reached XP level 3. HP: 33/33 MP: 5/5
   693 | D:2      | Reached XP level 4. HP: 29/41 MP: 3/6
   706 | D:2      | Engulfed by a cloud of flame

Levels and vault maps discovered:
D:1:      psy_arrival_whirlpool, layout_basic, minmay_distorted
D:2:      layout_rooms, first_ration, uniq_robin

Skill      XL: |  1  2  3  4 |
---------------+-------------+-----
Hexes          | 3 |  3.6
Dodging        | 2 |  2.0
Throwing       | 3 |  3.3
Fighting       | |  1.4
Polearms       | |  0.3
Spellcasting   | |  1.6

Action                   |  1- 3 |  4- 6 || total
-------------------------+-------+-------++-------
Melee: Spear             |    31 |     7 ||    38
Throw: Large rock        |    30 |       ||    30
       Throwing net      |     3 |     1 ||     4
 Cast: Corona            |     1 |     2 ||     3
  Use: Scroll            |     1 |     1 ||     2
       Potion            |       |     1 ||     1
Armor: Robe              |    11 |     4 ||    15
Dodge: Dodged            |    24 |     9 ||    33
